 Dungeon Crawl Stone Soup version 0.27-a0-869-g165b36e3f0 (webtiles) character file.

Game seed: 12173788582730109927

144 polve the Chiller (level 5, -8/35 HPs)
             Began as a Merfolk Ice Elementalist on Apr 2, 2021.
             Mangled by a wyvern zombie (14 damage)
             ... on level 3 of the Dungeon.
             The game lasted 00:02:58 (4050 turns).

polve the Chiller (Merfolk Ice Elementalist)        Turns: 4050, Time: 00:02:58

Health: -8/35      AC:  2    Str:  8    XL:     5   Next: 26%
Magic:  8/8        EV: 12    Int: 16    God:
Gold:   97         SH:  0    Dex: 14    Spells: 4/8 levels left

rFire    . . .     SeeInvis .   b - +0 trident
rCold    . . .     Faith    .   (no shield)
rNeg     . . .     Spirit   .   a - +0 robe
rPois    .         Reflect  .   (no helmet)
rElec    .         Harm     .   (no cloak)
rCorr    .         Rampage  .   (no gloves)
Will     .....                  (no boots)
Stlth    ++........             (no amulet)
HPRegen  0.11/turn              (no ring)
MPRegen  0.11/turn              (no ring)

@: attractive
A: (nimble swimmer 2), mertail
a: no special abilities


You were on level 3 of the Dungeon.
You visited 1 branch of the dungeon, and saw 3 of its levels.

You collected 97 gold pieces.

Inventory:

Hand Weapons
 b - a +0 trident (weapon)
Armour
 a - a +0 robe (worn)
Scrolls
 d - a scroll of immolation {unknown}
 e - 4 scrolls of identify {unknown}
 g - a scroll of teleportation {unknown}
 i - 2 scrolls of summoning {unknown}
 j - a scroll of enchant armour {unknown}


   Skills:
 - Level 2.6 Dodging
 - Level 2.1 Stealth
 - Level 2.0 Spellcasting
 + Level 7.0 Ice Magic


You had 4 spell levels left.
You knew the following spells:

 Your Spells              Type           Power      Damage    Failure   Level
a - Freeze                Ice            96%        1d11      1%          1
b - Frozen Ramparts       Ice            48%        1d6       3%          3

Your spell library contained the following spells:

 Spells                   Type           Power      Damage    Failure   Level
 Ozocubu's Armour         Ice            24%        N/A       3%          3
 Hailstorm                Conj/Ice       12%        3d5       43%         4
 Summon Ice Beast         Ice/Summ       12%        N/A       43%         4


Dungeon Overview and Level Annotations

Branches:
Dungeon (3/15)

Altars:
Ashenzari
Hepliaklqana
Makhleb
Zin


Innate Abilities, Weirdness & Mutations

((You are quick and stealthy near water. (Stealth+, EV+, Speed+++)))
Your lower body shifts to a powerful aquatic tail in water.


Message History

You are too injured to fight recklessly!
You are too injured to fight recklessly!
You hit the wyvern zombie.
The wyvern zombie is lightly damaged.
The wyvern zombie barely misses you. The wyvern zombie misses you.
You hit the wyvern zombie.
The wyvern zombie is moderately damaged.
The wyvern zombie barely misses you.
You hit the wyvern zombie but do no damage.
The wyvern zombie is moderately damaged.
The wyvern zombie barely misses you. The wyvern zombie bites you!
You hit the wyvern zombie.
The wyvern zombie is heavily damaged.
The wyvern zombie closely misses you. The wyvern zombie bites you!
* * * LOW HITPOINT WARNING * * *
It was a potion of curing.
You feel better. The wyvern zombie bites you!
You feel better.
The wyvern zombie bites you but does no damage.
It was a potion of attraction.
You feel attractive to monsters.
The wyvern zombie closely misses you. x2
It was a potion of heal wounds.
You feel much better. The wyvern zombie closely misses you.
You hit the wyvern zombie but do no damage.
The wyvern zombie is heavily damaged.
The wyvern zombie bites you!
The wyvern zombie bites you but does no damage.
You hit the wyvern zombie but do no damage.
The wyvern zombie is heavily damaged.
The wyvern zombie bites you.
You hit the wyvern zombie.
The wyvern zombie is heavily damaged.
The wyvern zombie bites you!
* * * LOW HITPOINT WARNING * * *
The wyvern zombie bites you.
* * * LOW HITPOINT WARNING * * *
You hit the wyvern zombie.
The wyvern zombie is heavily damaged.
The wyvern zombie bites you!
You die...

#..... .... #...### #### #...
... ## ## ### ### #### .. #.#
#.# #.# #.# #.#. #.#
#.#.#.#.#.#.#.#
##.###.###.###.###.
#Z#.#.#.#.#.#.#.#.# ...
#@#.#.#.#.#.#.#.#. #.#
################## #.# #.#
##################### #######.#
#.............#.#....
#.)..##.###....................
#.....................##.#...##
#....##..##....................
#..............................


You could see a wyvern zombie.

Vanquished Creatures
  Natasha (twice) (D:2)
  4 adders
  4 dart slugs
  8 ball pythons
  An endoplasm (D:1)
  A giant cockroach (D:3)
  2 goblins
  7 hobgoblins
  2 jackals (D:1)
  6 kobolds
  2 quokkas
  2 bats
  4 frilled lizards
  8 rats
53 creatures vanquished.

Notes
Turn   | Place    | Note
-------+----------+-------------------------------------------
     0 | D:1      | polve the Merfolk Ice Elementalist began the quest for the
                  | Orb.
     0 | D:1      | Reached XP level 1. HP: 13/13 MP: 3/3
   490 | D:1      | Reached XP level 2. HP: 19/19 MP: 5/5
   663 | D:1      | Reached skill level 5 in Ice Magic
  1299 | D:1      | Reached XP level 3. HP: 21/24 MP: 6/6
  2067 | D:2      | Learned a level 3 spell: Frozen Ramparts
  2591 | D:2      | Noticed Natasha
  2696 | D:2      | Found a broken altar of Ashenzari.
  3170 | D:2      | Killed Natasha
  3171 | D:2      | Reached skill level 6 in Ice Magic
  3171 | D:2      | Reached XP level 4. HP: 25/30 MP: 4/7
  3267 | D:2      | Noticed Natasha
  3277 | D:2      | Killed Natasha
  3705 | D:3      | Reached XP level 5. HP: 35/35 MP: 5/8
  3769 | D:3      | Found a hazy altar of Hepliaklqana.
  3781 | D:3      | Found a glowing silver altar of Zin.
  3782 | D:3      | Found a burning altar of Makhleb.
  3843 | D:3      | Found a faded altar of an unknown god.
  3852 | D:3      | Reached skill level 7 in Ice Magic
  4050 | D:3      | Mangled by a wyvern zombie

Illustrated notes

Levels and vault maps discovered:
D:1:      roderic_octagonal_star, layout_loops_corners, minmay_fountain_box,
          minmay_parallelograms
D:2:      minmay_alternating_diamond, layout_basic, basic_altar, uniq_natasha
D:3:      layout_rooms, nicolae_overflow_hidden_temple, basic_ecumenical_altar,
          roderic_roman_lattice, hangedman_abyss_or_decor_stabs

Skill      XL: |  1  2  3  4  5 |
---------------+----------------+-----
Ice Magic      | 5 6 7 |  7.0
Dodging        | |  2.6
Stealth        | |  2.1
Spellcasting   | |  2.0

Action                   |  1- 3 |  4- 6 || total
-------------------------+-------+-------++-------
Melee: Trident           |   109 |    38 ||   147
 Cast: Freeze            |    23 |    16 ||    39
  Use: Potion            |       |     4 ||     4
 Stab: Sleeping          |    10 |     1 ||    11
Armor: Robe              |    23 |     7 ||    30
Dodge: Dodged            |    87 |    31 ||   118

Table legend: (Time is in decaauts)
 A = Elapsed time spent in this place.
 B = Non-inter-level travel time spent in this place.
 C = Inter-level travel time spent in this place.
 D = Time resting spent in this place.
 E = Time spent auto-exploring this place.
 F = Levels seen in this place.
 G = Mean time per level.
                   A        B        C        D        E       F      G
               +--------+--------+--------+--------+--------+-----+--------+
         Total |   4094 |   3975 |    119 |      0 |   3535 |   3 | 1364.7 |
       Dungeon |   4094 |   3975 |    119 |      0 |   3535 |   3 | 1364.7 |
               +--------+--------+--------+--------+--------+-----+--------+

Top non-repeatable levels by time:
     D:1: 1834 daAuts
     D:2: 1800 daAuts
     D:3: 460 daAuts
